 Dungeon Crawl Stone Soup version 0.28.0 (webtiles) character file.

Game seed: 16945789404919548808

2304 gorn the Cleaver (level 9, 0/79 HPs)
             Began as a Hill Orc Fighter on Feb 11, 2022.
             Was a Believer of Trog.
             Succumbed to a water moccasin's poison
             ... on level 6 of the Dungeon.
             The game lasted 00:28:13 (8094 turns).

gorn the Cleaver (Hill Orc Fighter)                 Turns: 8094, Time: 00:28:13

Health: 0/79       AC: 10    Str: 23    XL:     9   Next: 40%
Magic:  18/18      EV: 10    Int:  8    God:    Trog [**....]
Gold:   300        SH:  4    Dex: 10    Spells: 8/8 levels left

rFire   . . .      SeeInvis .   a - +0 war axe
rCold   . . .      Faith    .   c - +0 buckler
rNeg    . . .      Spirit   .   b - +0 scale mail
rPois   .          Reflect  .   D - +0 helmet
rElec   .          Harm     .   (no cloak)
rCorr   .          Rampage  .   p - +0 pair of gloves
Will    .....                   (no boots)
Stlth   ..........              (no amulet)
HPRegen 0.23/turn               e - ring of magical power
MPRegen 0.16/turn               (no ring)

@: lethally poisoned (0 -> -7), on berserk cooldown, slowed, very slow
A: no striking features
a: Renounce Religion, Berserk, Trog's Hand


You were on level 6 of the Dungeon.
You worshipped Trog.
Trog was pleased with you.
You visited 1 branch of the dungeon, and saw 7 of its levels.

You collected 300 gold pieces.

Inventory:

Hand Weapons
 a - a +0 war axe (weapon)
 f - a +0 club
 i - a +0 dagger
 m - the +3 spear "Hell-Harrower" {venom, rElec rCorr Dex+3}
   (You found it on level 2 of the Dungeon)

   It poisons the flesh of those it strikes.
   Dex:       It affects your dexterity (+3).
   rElec:     It insulates you from electricity.
   rCorr:     It protects you from acid and corrosion.
 o - a +3 spectral club
 u - a +2 dagger of venom
 G - a +4 flail
Missiles
 w - 85 stones
Armour
 b - a +0 scale mail (worn)
 c - a +0 buckler (worn)
 p - a +0 pair of gloves (worn)
 v - a +0 ring mail
 D - a +0 helmet (worn)
 E - a +2 robe of fire resistance
Jewellery
 e - a ring of magical power (left hand)
Wands
 l - a wand of polymorph (5)
 t - a wand of flame (12)
Scrolls
 j - 2 scrolls of vulnerability {unknown}
 q - a scroll of fear
 r - 4 scrolls of teleportation {unknown}
 s - 2 scrolls of amnesia {unknown}
 y - 2 scrolls of enchant armour {unknown}
 C - 2 scrolls of identify {unknown}
 F - 2 scrolls of fog {unknown}
 H - a scroll of enchant weapon {unknown}
Potions
 d - a potion of might
 g - a potion of resistance {unknown}
 h - a potion of mutation {unknown}
 k - a potion of attraction {unknown}
 n - a potion of berserk rage {unknown}
 z - 2 potions of lignification {unknown}
 A - a potion of haste {unknown}
 B - a potion of magic {unknown}


   Skills:
 * Level 7.1 Fighting
 * Level 12.2 Axes
 + Level 0.6(6.5) Polearms
 + Level 6.2 Armour
 + Level 1.5 Dodging
 + Level 1.0 Stealth
 + Level 4.4 Shields


You had 8 spell levels left.
You didn't know any spells.
Your spell library contained the following spells:

 Spells                   Type           Power      Damage    Failure   Level
 Sandblast                Erth           0%         2d4       78%         1
 Ensorcelled Hibernation  Hex/Ice        0%         N/A       89%         2
 Passwall                 Tmut/Erth      0%         N/A       89%         2
 Sublimation of Blood     Necr           0%         N/A       89%         2
 Conjure Flame            Conj/Fire      0%         6-21      98%         3
 Ignite Poison            Fire/Tmut/Pois 0%         N/A       98%         3
 Stone Arrow              Conj/Erth      0%         3d7       98%         3
 Swiftness                Air            0%         N/A       98%         3
 Petrify                  Tmut/Erth      0%         N/A       100%        4
 Sticky Flame             Conj/Fire      0%         2d3       100%        4
 Irradiate                Conj/Tmut      0%         3d13      100%        5


Dungeon Overview and Level Annotations

Branches:
Dungeon (7/15)             Temple (0/1) D:4

Altars:
Cheibriados
Okawaru
Sif Muna
Trog
The Shining One

Shops:
D:2 (   D:3 (

Annotations:
D:7 Duvessa


Message History

* * * LOW HITPOINT WARNING * * *
* * * LOW HITPOINT WARNING * * *
You feel very sick. The water moccasin closely misses you.
The water moccasin barely misses you.
You feel better.
Duvessa rages.
The water moccasin misses you.
The water moccasin bites you but does no damage.
The water moccasin closely misses you. The water moccasin bites you.
* * * LOW HITPOINT WARNING * * *
The water moccasin bites you but does no damage.
Duvessa rages.
There is a stone staircase leading up here.
You can't go down here!
The water moccasin misses you.
The water moccasin bites you but does no damage.
You climb upwards.
There is a stone staircase leading down here.
You hit the water moccasin.
The water moccasin is lightly wounded.
The water moccasin bites you.
* * * LOW HITPOINT WARNING * * *
You are lethally poisoned!
The water moccasin poisons you!
The water moccasin bites you but does no damage.
You slash the water moccasin!
The water moccasin is severely wounded.
* * * LOW HITPOINT WARNING * * *
You feel very sick. The water moccasin barely misses you.
The water moccasin bites you but does no damage.
You miss the water moccasin.
The water moccasin is severely wounded.
* * * LOW HITPOINT WARNING * * *
You feel very sick.
The water moccasin completely misses you.
The water moccasin barely misses you.
You barely miss the water moccasin.
The water moccasin is severely wounded.
You die...

.............#.......#
..###...##...#.......#
..###...##...#.......#
.............#.......#
........##'###.......#
........#............#
##.##...#............#
.########.......S....#
.#......#.......@....#
.#......#............#
.#......#............#
.#......#............#
.#......'............#
.#......#............#
.####...#............#
....###'#............#
....#...#............#


You could see a water moccasin.

Vanquished Creatures
  Maggie (D:7)
  Grinder (D:6)
  Sigmund (D:6)
  A water moccasin (D:6)
  An ice beast (D:6)
  A necrophage (D:6)
  A wolf (D:3)
  An ogre (D:5)
  2 centaurs
  A kobold brigand (D:7)
  Blork the orc (D:6)
  A scorpion (D:6)
  Dowan (D:7)
  5 killer bees (D:6)
  3 hounds
  2 jellies
  4 orc priests
  A bullfrog skeleton (D:5)
  Jessica (D:2)
  6 iguanas
  2 orc wizards
  An adder (D:6)
  A shadow imp (D:5)
  An adder skeleton (D:4)
  A worm (D:3)
  2 dart slugs
  11 orcs
  4 bats
  3 endoplasms
  4 giant cockroaches
  2 goblins (D:2)
  2 quokkas (D:2)
  6 ball pythons
  3 frilled lizards (D:2)
  10 kobolds
  A quokka skeleton (D:4)
  5 rats
95 creatures vanquished.

Notes
Turn   | Place    | Note
-------+----------+-------------------------------------------
     0 | D:1      | gorn the Hill Orc Fighter began the quest for the Orb.
     0 | D:1      | Reached XP level 1. HP: 19/19 MP: 1/1
  1314 | D:2      | Reached XP level 2. HP: 27/27 MP: 2/2
  1322 | D:2      | Reached skill level 3 in Axes
  1344 | D:2      | Found a faded altar of an unknown god.
  1352 | D:2      | Prayed at the altar of an unknown god.
  1352 | D:2      | Became a worshipper of Trog the Wrathful
  1352 | D:2      | Reached * piety under Trog
  1887 | D:2      | Identified the +3 spear "Hell-Harrower" {venom, rElec rCorr
                  | Dex+3}
  1979 | D:2      | Noticed Jessica
  1991 | D:2      | Killed Jessica
  1992 | D:2      | Reached XP level 3. HP: 34/34 MP: 3/3
  2064 | D:2      | Found Rierec's Weapon Boutique.
  2478 | D:3      | Noticed Ijyb
  2483 | D:3      | Noticed Ijyb
  2483 | D:3      | Ijyb changed into Ijyb the wolf
  2501 | D:3      | Killed Ijyb the wolf
  2502 | D:3      | Reached skill level 4 in Axes
  2502 | D:3      | Reached XP level 4. HP: 24/41 MP: 4/4
  2502 | D:3      | Reached XP level 5. HP: 28/47 MP: 5/5
  2980 | D:3      | Found Xiwnez's Weapon Shop.
  3384 | D:4      | Reached skill level 5 in Axes
  3498 | D:4      | Noticed a centaur
  3504 | D:4      | Killed a centaur
  3505 | D:4      | Reached skill level 6 in Axes
  3505 | D:4      | Reached XP level 6. HP: 55/55 MP: 6/6
  3511 | D:4      | Found a glowing golden altar of the Shining One.
  3524 | D:4      | Found a staircase to the Ecumenical Temple.
  4186 | D:4      | Reached skill level 7 in Axes
  4501 | D:4      | Reached ** piety under Trog
  4502 | D:4      | Reached skill level 5 in Fighting
  4691 | D:5      | Entered Level 5 of the Dungeon
  4696 | D:5      | Reached XP level 7. HP: 61/61 MP: 7/7
  4951 | D:5      | Reached skill level 8 in Axes
  5036 | D:5      | Reached skill level 1 in Dodging
  5581 | D:5      | Reached skill level 9 in Axes
  5994 | D:6      | Noticed Blork the orc
  6007 | D:6      | Killed Blork the orc
  6008 | D:6      | Reached XP level 8. HP: 50/69 MP: 8/8
  6173 | D:6      | Found an iron altar of Okawaru.
  6355 | D:6      | Reached skill level 10 in Axes
  6355 | D:6      | Reached skill level 5 in Armour
  7232 | D:6      | Found a snail-covered altar of Cheibriados.
  7263 | D:6      | Noticed Sigmund
  7270 | D:6      | Killed Sigmund
  7327 | D:6      | Reached skill level 11 in Axes
  7327 | D:6      | Noticed Grinder
  7340 | D:6      | Killed Grinder
  7341 | D:6      | Reached XP level 9. HP: 44/78 MP: 9/9
  7729 | D:6      | Found a shimmering blue altar of Sif Muna.
  8047 | D:7      | Noticed Maggie
  8050 | D:7      | Noticed Dowan
  8062 | D:7      | Killed Maggie
  8063 | D:7      | Reached skill level 1 in Stealth
  8064 | D:7      | Reached skill level 12 in Axes
  8068 | D:7      | Killed Dowan
  8080 | D:7      | Noticed Duvessa
  8093 | D:6      | HP: 2/79 [poisoned by a water moccasin]
  8094 | D:6      | Succumbed to a water moccasin's poison

Illustrated notes

Levels and vault maps discovered:
D:1:      heliophobic_arrival_glass_houses, layout_basic
D:2:      layout_basic, nicolae_ecumenical_lake_church, serial_shops,
          nicolae_shop_hallway_plus, hex_intersection, uniq_jessica
D:3:      layout_loops_ring, serial_shops, nicolae_shop_advertising_works
          [nicolae_subvault_shop_adworks], minmay_misc_feat_roman,
          nrook_campfire, uniq_ijyb
D:4:      layout_basic, mainiacjoe_overflow_concentric_impassable,
          minmay_temple_entry_proselytizer, hangedman_decor_slide_cut
D:5:      layout_cave_pods
D:6:      layout_gridville, mainiacjoe_overflow_six_doors_small, led_sif_pool,
          kennysheep_mini_moat, uniq_sigmund, uniq_grinder, uniq_blork_the_orc
D:7:      layout_layer_cave, nicolae_hepliaklqana_hippocampus, serial_shops,
          nicolae_shop_competitors_out_of_business, uniq_duvessa, uniq_maggie

Skill      XL: |  1  2  3  4  5  6  7  8  9 |
---------------+----------------------------+-----
Fighting       | 4 5 6 7 |  7.1
Axes           | 3 4 6 7 9 11 12 | 12.2
Armour         | 4 5 6 |  6.2
Dodging        | 1 |  1.5
Shields        | 4 |  4.4
Stealth        | 1 |  1.0
Polearms       | |  0.6

Action                   |  1- 3 |  4- 6 |  7- 9 || total
-------------------------+-------+-------+-------++-------
Melee: War axe           |    53 |    84 |   129 ||   266
       Spear             |    20 |       |       ||    20
Invok: Berserk           |     4 |     3 |     6 ||    13
Evoke: Wand              |     1 |       |       ||     1
  Use: Scroll            |     1 |       |       ||     1
       Potion            |       |       |     2 ||     2
Armor: Scale mail        |    49 |    33 |    61 ||   143
Dodge: Dodged            |    37 |    40 |    69 ||   146
Block: Buckler           |    20 |    27 |    26 ||    73
